 Dungeon Crawl Stone Soup version 0.20.0-15-g7f486f2 (console) character file.

97 removed the Slasher (level 4, 0/27 HPs)
             Began as a Deep Elf Fighter on June 11, 2017.
             Slain by Natasha (5 damage)
             ... on level 3 of the Dungeon.
             The game lasted 00:02:55 (2297 turns).

removed the Slasher (Deep Elf Fighter)              Turns: 2297, Time: 00:02:56

Health: 0/27       AC:  6    Str: 13    XL:     4   Next: 42%
Magic:  0/6        EV:  6    Int: 13    God:
Gold:   98         SH:  8    Dex: 15    Spells: 3/3 levels left

rFire    . . .     SeeInvis .   a - +0 long sword
rCold    . . .     Gourm    .   c - +0 shield
rNeg     . . .     Faith    .   b - +0 scale mail
rPois    .         Spirit   +   (no helmet)
rElec    .         Reflect  .   (no cloak)
rCorr    .         Harm     .   (no gloves)
MR       .....                  (no boots)
Stlth    ..........             w - amulet of guardian spirit
Regen    0.1/turn               (no ring)
MPRegen  0.1/turn               (no ring)

@: no status effects
A: no striking features
a: no special abilities


You were on level 3 of the Dungeon.
You were not hungry.

You visited 1 branch of the dungeon, and saw 3 of its levels.

You collected 98 gold pieces.

Inventory:

Hand Weapons
 a - a +0 long sword (weapon)
 p - a +3 short sword
 t - a +1 whip of electrocution
Armour
 b - a +0 scale mail (worn)
 c - a +0 shield (worn)
Jewellery
 w - an amulet of guardian spirit (around neck)
Scrolls
 h - a scroll of random uselessness {unknown}
 i - a scroll of noise {unknown}
 j - a scroll of remove curse {unknown}
 m - 2 scrolls of magic mapping {unknown}
 o - 3 scrolls of identify {unknown}
 s - a scroll of blinking {unknown}
 x - a scroll of enchant weapon {unknown}
Potions
 d - a potion of might
 k - a potion of flight {unknown}
 q - 2 potions of brilliance {unknown}
 u - 3 potions of lignification {unknown}
Comestibles
 f - a bread ration
 n - 2 meat rations
 v - a chunk of flesh


   Skills:
 - Level 2.4 Fighting
 + Level 4.3 Long Blades
 - Level 2.4 Armour
 - Level 2.4 Shields


You had 3 spell levels left.
You didn't know any spells.

Dungeon Overview and Level Annotations

Branches:
Dungeon (3/15)

Altars:

Annotations:
D:3 Natasha


Message History

Natasha is lightly wounded.
Natasha casts a spell.
You block the worm's attack.
You completely miss Natasha.
Natasha is lightly wounded.
Natasha closely misses you.
You riposte.
You barely miss Natasha.
Natasha is lightly wounded.
The worm bites you but does no damage. You block Natasha's attack.
You hit Natasha.
Natasha is lightly wounded.
Natasha barely misses you. The worm bites you.
* * * LOW HITPOINT WARNING * * *
You slash Natasha!
Natasha is severely wounded.
Natasha claws you.
* * * LOW HITPOINT WARNING * * *
You hit Natasha but do no damage.
Natasha is severely wounded.
The crimson imp blinks!
Natasha claws you!
You die...

#.) #.#.....#
#.. #.#.....##
#.. #.#.......
+..####....#
#.........+
#.........#
#.........#
#.#+#.......#
#..5w@......#
#...h###....#+##
### #.!.ยง#
####....# ..#
##..##
+....#####.#
....
#....+..(#.#
.....
#....#...#<#
.....>
#..........#
.....#
######.###.#
#......


You could see a worm, Natasha and a white imp.

Vanquished Creatures
  Terence (D:2)
  An adder (D:3)
  An ooze (D:3)
  2 dart slugs (D:2)
  2 leopard geckos
  3 giant cockroaches
  8 goblins
  7 hobgoblins
  4 jackals (D:1)
  6 kobolds
  A ball python (D:1)
  6 bats
  A frilled lizard (D:1)
  6 rats
49 creatures vanquished.

Notes
Turn   | Place    | Note
-------+----------+-------------------------------------------
     0 | D:1      | removed the Deep Elf Fighter began the quest for the Orb.
     0 | D:1      | Reached XP level 1. HP: 13/13 MP: 3/3
    26 | D:1      | Reached skill level 2 in Long Blades
   428 | D:1      | Reached XP level 2. HP: 13/18 MP: 4/4
   753 | D:1      | Reached skill level 3 in Long Blades
  1199 | D:1      | Reached XP level 3. HP: 22/22 MP: 5/5
  1754 | D:2      | Noticed Terence
  1777 | D:2      | Killed Terence
  1912 | D:2      | Reached XP level 4. HP: 19/27 MP: 6/6
  1957 | D:2      | Reached skill level 4 in Long Blades
  2278 | D:3      | Noticed Natasha
  2297 | D:3      | Slain by Natasha

Skill      XL: |  1  2  3  4 |
---------------+-------------+-----
Long Blades    | 2 3 4 |  4.3
Fighting       | |  2.4
Armour         | |  2.4
Shields        | |  2.4

Action                   |  1- 3 |  4- 6 || total
-------------------------+-------+-------++-------
Melee: Long sword        |   135 |    54 ||   189
  Eat: Chunk             |     3 |     2 ||     5
Armor: Scale mail        |    66 |    23 ||    89
Dodge: Dodged            |    38 |    22 ||    60
Block: Shield            |    54 |    34 ||    88
       Rpst.: Long sword |    19 |     9 ||    28
